 Dungeon Crawl Stone Soup version 0.29-a0-477-g62b78b4225 (webtiles) character file.

Game seed: 13871605600017498874

90 Infinimo the Cudgeller (level 4, -1/34 HPs)
             Began as a Demonspawn Gladiator on May 24, 2022.
             Killed from afar by an orc wizard (3 damage)
             ... with a puff of flame
             ... on level 3 of the Dungeon.
             The game lasted 00:01:52 (2614 turns).

Infinimo the Cudgeller (Demonspawn Gladiator)       Turns: 2614, Time: 00:01:53

Health: -1/34      AC:  3    Str: 15    XL:     4   Next: 32%
Magic:  4/4        EV: 12    Int: 11    God:
Gold:   120        SH:  6    Dex: 16    Spells: 3/3 levels left

rFire   . . .      SeeInvis .   o - +4 whip
rCold   . . .      Faith    .   u - +2 buckler
rNeg    . . .      Spirit   .   b - +0 leather armour
rPois   .          Reflect  .   (helmet restricted)
rElec   .          Harm     .   (no cloak)
rCorr   .          Rampage  .   (no gloves)
Will    .....                   (no boots)
Stlth   ++........              (no amulet)
HPRegen 0.11/turn               (no ring)
MPRegen 0.09/turn               (no ring)

@: no status effects
A: antennae 1, thin skeletal structure 1
a: no special abilities


You were on level 3 of the Dungeon.
You visited 1 branch of the dungeon, and saw 3 of its levels.

You collected 120 gold pieces.

Inventory:

Hand Weapons
 o - a +4 whip (weapon)
Missiles
 d - 3 throwing nets (quivered)
 e - 7 javelins
Armour
 b - a +0 leather armour (worn)
 c - a +0 helmet
 u - a +2 buckler (worn)
Jewellery
 h - a ring of positive energy
 k - an amulet of the acrobat
 m - an amulet of reflection
Scrolls
 j - a scroll of identify {unknown}
 n - a scroll of amnesia {unknown}
 p - a scroll of acquirement {unknown}
 r - a scroll of fear {unknown}
 s - a scroll of teleportation {unknown}
 t - a scroll of noise {unknown}
Potions
 a - a potion of invisibility {unknown}
 f - 2 potions of haste {unknown}
 g - a potion of curing {unknown}
 i - a potion of brilliance {unknown}
 l - a potion of cancellation {unknown}
 q - 2 potions of heal wounds {unknown}


   Skills:
 + Level 2.8 Fighting
 * Level 3.8 Maces & Flails
 - Level 1.7 Throwing
 + Level 3.2 Dodging
 + Level 0.3 Shields


You had 3 spell levels left.
You didn't know any spells.
Your spell library contained the following spells:

 Spells                   Type           Power      Damage    Failure   Level
 Slow                     Hex            0%         N/A       52%         1
 Confusing Touch          Hex            0%         N/A       87%         3
 Vampiric Draining        Necr           0%         2d6       87%         3


Dungeon Overview and Level Annotations

Branches:
Dungeon (3/15)

Altars:
Elyvilon
Kikubaaqudgha
Sif Muna
Uskayaw
Xom
Zin
The Shining One


Innate Abilities, Weirdness & Mutations

You have a pair of small antennae on your head.
You have a somewhat thin skeletal structure. (Dex +2, Stealth+)


Message History

A magic dart appears from out of thin air!
The magic dart hits you.
* * * LOW HITPOINT WARNING * * *
Something hits you.
* * * LOW HITPOINT WARNING * * *
You hear some strange, mumbled words.
Something tries to affect you, but you resist.
You bump into the rock wall.
You feel less confused.
You hit something.
Reactivating autopickup.
You feel a bit more experienced.
You have reached level 4!
You feel stronger.
Your demonic ancestry asserts itself...
A pair of antennae grows on your head!
Your +0 helmet falls away!
You start resting.
An orc wizard is nearby!
Things that are here:
a +0 dagger; a +0 robe The orc wizard is lightly wounded.
You block the orc wizard's attack.
The orc wizard is lightly wounded.
The orc wizard hits you with a +0 dagger.
* * * LOW HITPOINT WARNING * * *
The orc wizard is lightly wounded.
The orc wizard is lightly wounded.
The orc wizard is lightly wounded.
The orc wizard hits you with a +0 dagger.
* * * LOW HITPOINT WARNING * * *
The orc wizard is moderately wounded.
The orc wizard is moderately wounded.
The orc wizard casts a spell at you. The magic dart hits you.
* * * LOW HITPOINT WARNING * * *
The orc wizard is severely wounded.
The orc wizard is severely wounded.
The orc wizard gestures at you while chanting.
The puff of flame hits you.
You die...

. #.#.#..⌠..._..#
J. #.#.##...♣...##
#.. #.#.###.....##
. .. #.#.# #######
...#.#####.#.#
......<#.#.#.#
#.o...#.#.#
.......#o#.#..
.....o.#@#.########
####.#.#...........
...#{###.########
### #o #.# .. #.#
## #.# ... ... ...


You could see an orc wizard.

Vanquished Creatures
  An orc wizard (D:3)
  An adder (D:2)
  A dart slug (D:1)
  6 ball pythons
  3 endoplasms (D:1)
  2 giant cockroaches
  5 goblins
  8 hobgoblins
  4 quokkas
  7 bats
  2 frilled lizards (D:2)
  7 kobolds (D:1)
  2 rats
49 creatures vanquished.

Notes
Turn   | Place    | Note
-------+----------+-------------------------------------------
     0 | D:1      | Infinimo the Demonspawn Gladiator began the quest for the
                  | Orb.
     0 | D:1      | Reached XP level 1. HP: 16/16 MP: 1/1
   146 | D:1      | Gained mutation: You have a somewhat thin skeletal
                  | structure. (Dex +2, Stealth+) [demonic ancestry]
   146 | D:1      | Reached XP level 2. HP: 22/22 MP: 2/2
   701 | D:1      | Reached XP level 3. HP: 26/28 MP: 3/3
  1636 | D:2      | Found a faded altar of an unknown god.
  2492 | D:3      | Found a shimmering altar of Xom.
  2494 | D:3      | Found an ancient bone altar of Kikubaaqudgha.
  2532 | D:3      | Found a shimmering blue altar of Sif Muna.
  2540 | D:3      | Found a hide-covered altar of Uskayaw.
  2593 | D:3      | Gained mutation: You have a pair of small antennae on your
                  | head. [demonic ancestry]
  2593 | D:3      | Reached XP level 4. HP: 8/34 MP: 4/4
  2614 | D:3      | Killed from afar by an orc wizard

Illustrated notes

Levels and vault maps discovered:
D:1:      lightli_arrival_windingriver, layout_loops_ring,
          dreamdust_princess_bridge
D:2:      layout_basic, chequers_ecumenical_altar_grove, bh_walls_and_bars
D:3:      layout_basic, nicolae_overflow_hallway_of_the_gods,
          grunt_gozag_statues, minmay_misc_feat_nine_boxes, minmay_puff

Skill      XL: |  1  2 |
---------------+-------+-----
Maces & Flails | 3 |  3.8
Dodging        | 3 |  3.2
Fighting       | |  2.8
Throwing       | |  1.7
Shields        | |  0.3

Action                   |  1- 3 |  4- 6 || total
-------------------------+-------+-------++-------
Melee: Flail             |    71 |       ||    71
       Whip              |    56 |     9 ||    65
 Stab: Sleeping          |     6 |       ||     6
Armor: Leather armour    |    38 |     2 ||    40
Dodge: Dodged            |    70 |     2 ||    72
Block: Buckler           |       |     1 ||     1

Table legend: (Time is in decaauts)
 A = Elapsed time spent in this place.
 B = Non-inter-level travel time spent in this place.
 C = Inter-level travel time spent in this place.
 D = Time resting spent in this place.
 E = Time spent auto-exploring this place.
 F = Levels seen in this place.
 G = Mean time per level.
                   A        B        C        D        E       F      G
               +--------+--------+--------+--------+--------+-----+--------+
         Total |   2627 |   2481 |    146 |     13 |   2153 |   3 |  875.7 |
       Dungeon |   2627 |   2481 |    146 |     13 |   2153 |   3 |  875.7 |
               +--------+--------+--------+--------+--------+-----+--------+

Top non-repeatable levels by time:
     D:1: 1267 daAuts
     D:2: 1223 daAuts
     D:3: 137 daAuts
